 Dungeon Crawl Stone Soup version 0.27.1-33-g824d729ab1 (webtiles) character file.

Game seed: 12018939560943478703

956 ces the Shield-Bearer (level 8, -5/67 HPs)
             Began as a Gnoll Fighter on Dec 1, 2021.
             Was an Initiate of Gozag.
             Slain by a two-headed ogre (15 damage)
             ... on level 5 of the Dungeon.
             The game lasted 00:06:12 (5687 turns).

ces the Shield-Bearer (Gnoll Fighter)               Turns: 5687, Time: 00:06:14

Health: -5/67      AC:  7    Str: 17    XL:     8   Next: 14%
Magic:  12/12      EV:  9    Int:  8    God:    Gozag
Gold:   330        SH: 10    Dex: 12    Spells: 11/13 levels left

rFire    . . .     SeeInvis .   a - +0 war axe
rCold    . . .     Faith    .   c - +0 kite shield
rNeg     . . .     Spirit   .   b - +0 scale mail
rPois    .         Reflect  .   (no helmet)
rElec    .         Harm     .   (no cloak)
rCorr    .         Rampage  .   (no gloves)
Will     .....                  (no boots)
Stlth    +.........             (no amulet)
HPRegen  0.21/turn              (no ring)
MPRegen  0.13/turn              (no ring)

@: no status effects
A: fangs 1, strong nose, distributed training
a: Renounce Religion, Potion Petition, Call Merchant, Bribe Branch


You were on level 5 of the Dungeon.
You worshipped Gozag.
Gozag was aware of your devotion.
You visited 2 branches of the dungeon, and saw 6 of its levels.

You collected 398 gold pieces.
You paid 68 gold pieces to Gozag.

Inventory:

Hand Weapons
 a - a +0 war axe (weapon)
Missiles
 i - 33 bolts
Armour
 b - a +0 scale mail (worn)
 c - a +0 kite shield (worn)
Jewellery
 e - an amulet of guardian spirit
Wands
 f - a wand of flame (12)
Scrolls
 d - a scroll of amnesia {unknown}
 g - 2 scrolls of enchant armour {unknown}
 h - a scroll of magic mapping {unknown}
 j - 2 scrolls of teleportation {unknown}
 l - a scroll of identify {unknown}
 m - a scroll of vulnerability {unknown}
Potions
 k - 2 potions of attraction {unknown}


   Skills:
 + Level 7.2 Fighting
 + Level 3.0 Short Blades
 + Level 3.0 Long Blades
 + Level 5.5 Axes
 + Level 3.0 Maces & Flails
 + Level 3.0 Polearms
 + Level 3.0 Staves
 + Level 3.0 Slings
 + Level 3.0 Bows
 + Level 3.0 Crossbows
 + Level 3.0 Throwing
 + Level 7.2 Armour
 + Level 3.0 Dodging
 + Level 3.0 Stealth
 + Level 7.2 Shields
 + Level 3.0 Unarmed Combat
 + Level 3.0 Spellcasting
 + Level 2.4 Conjurations
 + Level 2.4 Hexes
 + Level 2.4 Summonings
 + Level 2.4 Necromancy
 + Level 2.4 Translocations
 + Level 2.4 Transmutations
 + Level 2.4 Fire Magic
 + Level 2.4 Ice Magic
 + Level 2.4 Air Magic
 + Level 2.4 Earth Magic
 + Level 2.4 Poison Magic
 + Level 3.3 Invocations
 + Level 3.0 Evocations


You had 11 spell levels left.
You knew the following spells:

 Your Spells              Type           Power      Damage    Failure   Level
a - Slow                  Hex            5%         N/A       82%         2

Your spell library contained the following spells:

 Spells                   Type           Power      Damage    Failure   Level
 Static Discharge         Conj/Air       5%         N/A       82%         2
 Confusing Touch          Hex            5%         N/A       96%         3
 Dispel Undead            Necr           5%         3d7       100%        4
 Sticky Flame             Conj/Fire      5%         2d3       100%        4
 Yara's Violent Unravell  Hex/Tmut       2%         3d3       100%        5


Dungeon Overview and Level Annotations

Branches:
Dungeon (5/15)             Temple (1/1) D:4

Altars:
Ashenzari
Cheibriados
Dithmenos
Elyvilon
Gozag
Hepliaklqana
Kikubaaqudgha
Makhleb
Qazlal
Ru
Sif Muna
Trog
Wu Jian
Xom
Yredelemnul
Zin

Shops:
D:1 :

Annotations:
D:2 Sigmund


Innate Abilities, Weirdness & Mutations

You have very sharp teeth.
Your uncanny sense of smell can sniff out nearby items.
Your experience applies equally to all skills.


Message History

Your Polearms skill increases to level 3!
Your Staves skill increases to level 3!
Your Slings skill increases to level 3!
Your Bows skill increases to level 3!
Your Crossbows skill increases to level 3!
Your Throwing skill increases to level 3!
Your Dodging skill increases to level 3!
Your Stealth skill increases to level 3!
Your Unarmed Combat skill increases to level 3!
Your Spellcasting skill increases to level 3!
Your Evocations skill increases to level 3!
Unknown command.
You now have 321 gold pieces (gained 6).
Found 13 stones.
Found 9 gold pieces.
You now have 330 gold pieces (gained 9).
You open the door.
A two-headed ogre comes into view.
It is wielding a +0 giant club and a +0 giant spiked club.
The two-headed ogre shouts in stereo!
A two-headed ogre is nearby!
A two-headed ogre is nearby!
A two-headed ogre is nearby!
There is an open door here.
You barely miss the two-headed ogre.
You bite the two-headed ogre, but do no damage.
The two-headed ogre barely misses you. You block the two-headed ogre's attack.
You hit the two-headed ogre.
The two-headed ogre is lightly wounded.
The two-headed ogre hits you with a +0 giant club!
You block the two-headed ogre's attack.
You hit the two-headed ogre. You bite the two-headed ogre.
The two-headed ogre is moderately wounded.
The two-headed ogre barely misses you.
The two-headed ogre hits you with a +0 giant spiked club!
You hit the two-headed ogre.
The two-headed ogre is moderately wounded.
The two-headed ogre hits you with a +0 giant club!!
* * * LOW HITPOINT WARNING * * *
The two-headed ogre hits you with a +0 giant spiked club!
You die...
Your body crumbles into a pile of gold.

##############
##...........(# ##
#.............######.
#.##@#######.........
#.O......#.........
#........#.........
#........#..###....
#........#.#.......
#........#.#.#.....
#........#.........
#........#.....#.#.
#.......#.


You could see a two-headed ogre.

Vanquished Creatures
  A necrophage (D:5)
  2 centaurs
  An ogre (D:5)
  4 scorpions
  A wyvern zombie (D:5)
  2 hounds (D:5)
  A centaur skeleton (D:4)
  A jelly (D:2)
  Terence (D:2)
  2 orc wizards
  A hound skeleton (D:4)
  A gnoll (D:1)
  3 adders
  An ufetubus (D:4)
  An adder skeleton (D:4)
  A worm (D:5)
  2 dart slugs (D:1)
  11 orcs
  4 ball pythons
  6 endoplasms
  2 giant cockroaches
  5 goblins
  9 hobgoblins
  2 jackals (D:1)
  7 kobolds
  7 bats
  3 frilled lizards
  2 rats (D:1)
84 creatures vanquished.

Vanquished Creatures (others)
  An orc wizard (D:3)
  A fungus (D:1)
  3 plants (D:1)
5 creatures vanquished.

Grand Total: 89 creatures vanquished

Notes
Turn   | Place    | Note
-------+----------+-------------------------------------------
     0 | D:1      | ces the Gnoll Fighter began the quest for the Orb.
     0 | D:1      | Reached XP level 1. HP: 23/23 MP: 1/1
   252 | D:1      | Found a faded altar of an unknown god.
   257 | D:1      | Reached XP level 2. HP: 28/29 MP: 2/2
   354 | D:1      | Reached XP level 3. HP: 30/35 MP: 3/3
   688 | D:1      | Found Xyun Raviron's Book Emporium.
   976 | D:1      | Reached skill level 1 in Invocations
  1209 | D:2      | Noticed Terence
  1220 | D:2      | Killed Terence
  1221 | D:2      | Reached skill level 1 in Short Blades
  1221 | D:2      | Reached skill level 1 in Long Blades
  1221 | D:2      | Reached skill level 1 in Maces & Flails
  1221 | D:2      | Reached skill level 1 in Polearms
  1221 | D:2      | Reached skill level 1 in Staves
  1221 | D:2      | Reached skill level 1 in Slings
  1221 | D:2      | Reached skill level 1 in Bows
  1221 | D:2      | Reached skill level 1 in Crossbows
  1221 | D:2      | Reached skill level 1 in Throwing
  1221 | D:2      | Reached skill level 1 in Dodging
  1221 | D:2      | Reached skill level 1 in Stealth
  1221 | D:2      | Reached skill level 1 in Unarmed Combat
  1221 | D:2      | Reached skill level 1 in Spellcasting
  1221 | D:2      | Reached skill level 1 in Evocations
  1221 | D:2      | Reached XP level 4. HP: 2/41 MP: 5/5
  1594 | D:2      | Noticed Sigmund
  1602 | D:2      | Reached skill level 1 in Conjurations
  1602 | D:2      | Reached skill level 1 in Hexes
  1602 | D:2      | Reached skill level 1 in Summonings
  1602 | D:2      | Reached skill level 1 in Necromancy
  1602 | D:2      | Reached skill level 1 in Translocations
  1602 | D:2      | Reached skill level 1 in Transmutations
  1602 | D:2      | Reached skill level 1 in Fire Magic
  1602 | D:2      | Reached skill level 1 in Ice Magic
  1602 | D:2      | Reached skill level 1 in Air Magic
  1602 | D:2      | Reached skill level 1 in Earth Magic
  1602 | D:2      | Reached skill level 1 in Poison Magic
  2317 | D:2      | Reached XP level 5. HP: 30/47 MP: 6/6
  2815 | D:3      | Found a stormy altar of Qazlal.
  2943 | D:3      | Reached XP level 6. HP: 36/53 MP: 8/8
  3624 | D:4      | Reached skill level 5 in Axes
  4346 | D:4      | Found a staircase to the Ecumenical Temple.
  4375 | D:4      | Reached XP level 7. HP: 59/59 MP: 10/10
  4391 | Temple   | Entered the Ecumenical Temple
  4471 | Temple   | Became a worshipper of Gozag Ym Sagoz the Greedy
  4495 | D:5      | Entered Level 5 of the Dungeon
  4957 | D:5      | Found a sacrificial altar of Ru.
  4958 | D:5      | Found a burning altar of Makhleb.
  4991 | D:4      | Found a broken altar of Ashenzari.
  5111 | D:5      | Learned a level 2 spell: Slow
  5117 | D:5      | Reached XP level 8. HP: 22/67 MP: 12/12
  5682 | D:5      | Noticed a two-headed ogre
  5687 | D:5      | Slain by a two-headed ogre

Illustrated notes

Levels and vault maps discovered:
D:1:      dpeg_arrival_round_a, layout_basic,
          shapermc_ecumenical_altar_mp_ritualfount, serial_shops,
          nicolae_shop_statue_plus
D:2:      layout_basic, serial_shops, shop, serial_corexii_hall,
          corexii_hall_statues_i, chequers_hall_statues_corner_a, uniq_sigmund,
          uniq_terence
D:3:      layout_loops_cross, mainiacjoe_overflow_alcove_1,
          chequers_decorated_corner, minmay_unequal
D:4:      layout_loops_cross, mainiacjoe_overflow_small_starburst,
          nicolae_overflow_hidden_temple, minmay_temple_entry_butterflies,
          uniq_crazy_yiuf_cottage
D:5:      layout_basic, lemuel_crystal_altar, mainiacjoe_overflow_divided_tiny,
          corexii_checkpoint_a, minivault_25
Temple:   nicolae_temple_hex_pool

Skill      XL: |  1  2  3  4  5  6  7  8 |
---------------+-------------------------+-----
Invocations    | 1 2 3 |  3.3
Short Blades   | 1 2 3 |  3.0
Long Blades    | 1 2 3 |  3.0
Maces & Flails | 1 2 3 |  3.0
Polearms       | 1 2 3 |  3.0
Staves         | 1 2 3 |  3.0
Slings         | 1 2 3 |  3.0
Bows           | 1 2 3 |  3.0
Crossbows      | 1 2 3 |  3.0
Throwing       | 1 2 3 |  3.0
Dodging        | 1 2 3 |  3.0
Stealth        | 1 2 3 |  3.0
Unarmed Combat | 1 2 3 |  3.0
Spellcasting   | 1 2 3 |  3.0
Evocations     | 1 2 3 |  3.0
Conjurations   | 1 2 |  2.4
Hexes          | 1 2 |  2.4
Summonings     | 1 2 |  2.4
Necromancy     | 1 2 |  2.4
Translocations | 1 2 |  2.4
Transmutations | 1 2 |  2.4
Fire Magic     | 1 2 |  2.4
Ice Magic      | 1 2 |  2.4
Air Magic      | 1 2 |  2.4
Earth Magic    | 1 2 |  2.4
Poison Magic   | 1 2 |  2.4
Axes           | 5 |  5.5
Fighting       | 7 |  7.2
Armour         | 7 |  7.2
Shields        | 7 |  7.2

Action                   |  1- 3 |  4- 6 |  7- 9 || total
-------------------------+-------+-------+-------++-------
Melee: War axe           |    91 |   138 |    88 ||   317
       Bite              |    10 |    20 |    13 ||    43
Evoke: Wand              |       |       |     2 ||     2
  Use: Potion            |       |     3 |       ||     3
Armor: Scale mail        |    41 |    89 |    42 ||   172
Dodge: Dodged            |    27 |    63 |    47 ||   137
Block: Kite shield       |    53 |   133 |    49 ||   235
